 Dungeon Crawl Stone Soup version 0.29-a0-1039-gfc20370e89 (webtiles) character file.

Game seed: 8087192566316137917

39 BritishOli the Trooper (level 3, -4/29 HPs)
             Began as a Demonspawn Fighter on Aug 15, 2022.
             Slain by an iguana (10 damage)
             ... on level 4 of the Dungeon.
             The game lasted 00:01:20 (1852 turns).

BritishOli the Trooper (Demonspawn Fighter)         Turns: 1852, Time: 00:01:20

Health: -4/29      AC:  6    Str: 18    XL:     3   Next: 26%
Magic:  3/3        EV:  9    Int:  9    God:
Gold:   68         SH:  4    Dex: 12    Spells: 2/2 levels left

rFire   . . .      SeeInvis .   a - +0 long sword
rCold   . . .      Faith    .   c - +0 buckler
rNeg    . . .      Spirit   .   b - +0 scale mail
rPois   .          Reflect  .   (no helmet)
rElec   .          Harm     .   (no cloak)
rCorr   .          Rampage  .   (no gloves)
Will    .....                   (no boots)
Stlth   ..........              (no amulet)
HPRegen 0.09/turn               (no ring)
MPRegen 0.08/turn               (no ring)

@: no status effects
A: demonic guardian 2
a: no special abilities


You were on level 4 of the Dungeon.
You visited 1 branch of the dungeon, and saw 3 of its levels.

You collected 68 gold pieces.

Inventory:

Hand Weapons
 a - a +0 long sword (weapon)
Armour
 b - a +0 scale mail (worn)
 c - a +0 buckler (worn)
Jewellery
 h - a +4 ring of evasion
Wands
 i - a wand of flame (32)
Scrolls
 g - a scroll of noise {unknown}
 j - a scroll of identify {unknown}
Potions
 d - a potion of might
 e - a potion of heal wounds {unknown}
 f - a potion of lignification {unknown}
 k - a potion of attraction {unknown}


   Skills:
 + Level 3.3 Fighting
 + Level 2.3 Long Blades
 + Level 3.1 Armour
 + Level 3.0 Shields


You had 2 spell levels left.
You didn't know any spells.
Your spell library contained the following spells:

 Spells                   Type           Power      Damage    Failure   Level
 Ozocubu's Armour         Ice            0%         N/A       99%         3
 Ozocubu's Refrigeration  Ice            0%         4d7       100%        7


Dungeon Overview and Level Annotations

Branches:
Dungeon (2/15)

Altars:

Shops:
D:1 (:[


Innate Abilities, Weirdness & Mutations

A demonic guardian rushes to your aid.


Message History

You hit the endoplasm but do no damage. The endoplasm hits you.
The endoplasm hits you but does no damage.
You slash the endoplasm!
You kill the endoplasm!
You block the endoplasm's attack.
You hit the endoplasm.
The endoplasm is almost dead.
The endoplasm completely misses you. The endoplasm freezes you.
You are frozen.
You hit the endoplasm but do no damage.
The endoplasm is almost dead.
The endoplasm hits you but does no damage.
You hit the endoplasm.
You kill the endoplasm!
No target in view!
No target in view!
HP restored.
You see here 7 stones.
An iguana comes into view.
The iguana hisses angrily.
You see here a ring of flight.
You block the iguana's attack.
You hit the iguana.
The iguana is moderately wounded.
The iguana bites you!
You hit the iguana but do no damage.
The iguana is moderately wounded.
The iguana bites you.
You are too injured to fight recklessly!
You are too injured to fight recklessly!
You are too injured to fight recklessly!
You are too injured to fight recklessly!
You are too injured to fight recklessly!
You closely miss the iguana.
The iguana is moderately wounded.
The iguana bites you.
* * * LOW HITPOINT WARNING * * *
A demonic guardian appears!
The iguana bites you!
You die...

##########.#
#......?...# ..
#..........# .....
#..........# .$...
#.........#
.....#####.........#
...........4.......#
............=@l....#
#.......(.........#
#.................#
#..........######...
#..........# ##
####...######
##........#
#...........#
#.##........#


You could see an iguana (ally target) and a friendly hellwing (summoned).

Vanquished Creatures
  A worm (D:2)
  A dart slug (D:1)
  5 ball pythons
  2 bats (D:2)
  5 endoplasms
  3 giant cockroaches
  2 goblins
  2 hobgoblins (D:1)
  4 jackals (D:2)
  A quokka (D:1)
  A kobold (D:1)
27 creatures vanquished.

Vanquished Creatures (collateral kills)
  A quokka (D:2)
1 creature vanquished.

Grand Total: 28 creatures vanquished

Notes
Turn   | Place    | Note
-------+----------+-------------------------------------------
     0 | D:1      | BritishOli the Demonspawn Fighter began the quest for the
                  | Orb.
     0 | D:1      | Reached XP level 1. HP: 18/18 MP: 1/1
   113 | D:1      | Found Xaede's Book Boutique.
   360 | D:1      | Gained mutation: A weak demonic guardian rushes to your
                  | aid. [demonic ancestry]
   360 | D:1      | Reached XP level 2. HP: 24/24 MP: 2/2
   382 | D:1      | Found Maqixiru's Antique Armour Emporium.
   573 | D:1      | Found Ysaat's Weapon Boutique.
  1214 | D:2      | Gained mutation: A demonic guardian rushes to your aid.
                  | [demonic ancestry]
  1214 | D:2      | Reached XP level 3. HP: 29/29 MP: 3/3
  1731 | D:2      | You fall into a shaft and drop 2 floors!
  1852 | D:4      | Slain by an iguana

Illustrated notes

Levels and vault maps discovered:
D:1:      minmay_arrival_stone_box, layout_loops_ring, serial_shops,
          nicolae_shop_bloodbath_and_beyond, shop_statue, shop_statue,
          chequers_serial_rivers_large_b, corexii_corridor_pit
D:2:      kennysheep_big_flooded_room, layout_loops_ring,
          hangedman_decor_slide_cut, nicolae_concentric_dashed_squares_wild,
          hangedman_decor_clover_reticule
D:4:      layout_basic

Skill      XL: |  1  2 |
---------------+-------+-----
Long Blades    | 2 |  2.3
Armour         | 3 |  3.1
Shields        | 3 |  3.0
Fighting       | |  3.3

Action                   || total
-------------------------++-------
Melee: Long sword        ||    84
Armor: Scale mail        ||    41
Dodge: Dodged            ||    38
Block: Buckler           ||    18

Table legend: (Time is in decaauts)
 A = Elapsed time spent in this place.
 B = Non-inter-level travel time spent in this place.
 C = Inter-level travel time spent in this place.
 D = Time resting spent in this place.
 E = Time spent auto-exploring this place.
 F = Levels seen in this place.
 G = Mean time per level.
                   A        B        C        D        E       F      G
               +--------+--------+--------+--------+--------+-----+--------+
         Total |   1907 |   1880 |     27 |      0 |   1678 |   3 |  635.7 |
       Dungeon |   1907 |   1880 |     27 |      0 |   1678 |   3 |  635.7 |
               +--------+--------+--------+--------+--------+-----+--------+

Top non-repeatable levels by time:
     D:1: 955 daAuts
     D:2: 828 daAuts
     D:4: 123 daAuts
